2921 views
Uploaded 2020-02-15 16:43:55
Game version 1.32 / 1.32.1
13:33 long 4on4 ladder game on (8)GoldRush
Saved by iggythefisk
2921 views
Uploaded 2020-02-15 16:43:55
Game version 1.32 / 1.32.1
13:33 long 4on4 ladder game on (8)GoldRush


114 units @ 13.8k
/ 1.5k
58 buildings @ 8.7k
/ 3.2k

| Healing Salve | 3 | 300 |
| Lesser Clarity Potion | 2 | 140 |
| Potion of Healing | 1 | 150 |
| Scroll of Speed | 1 | 50 |
| Potion of Mana | 1 | 200 |
| Scroll of Town Portal | 1 | 350 |
| total: | 9 | 1190g |
| Peon | 9 | 675 | / | 0 |
| Grunt | 2 | 400 | / | 0 |
| Troll Headhunter | 2 | 280 | / | 40 |
| Demolisher | 4 | 880 | / | 200 |
| Raider | 4 | 720 | / | 160 |
| Kodo Beast | 1 | 255 | / | 60 |
| Wind Rider | 1 | 265 | / | 40 |
| total: | 23 | 3475g | / | 500w |
| Watch Tower | 1 | 110 | / | 80 |
| Altar of Storms | 1 | 180 | / | 50 |
| Orc Burrow | 5 | 800 | / | 200 |
| Barracks | 1 | 180 | / | 50 |
| War Mill | 1 | 205 | / | 0 |
| Voodoo Lounge | 1 | 130 | / | 30 |
| Beastiary | 1 | 145 | / | 140 |
| Tauren Totem | 1 | 135 | / | 155 |
| Stronghold | 1 | 315 | / | 190 |
| Fortress | 1 | 325 | / | 190 |
| total: | 12 | 1885g | / | 705w |
| 0:02 | Peon |
| 0:02 | Peon |
| 0:02 | Peon |
| 0:11 | Altar of Storms |
| 0:19 | Orc Burrow |
| 0:39 | Barracks |
| 0:46 | Peon |
| 0:57 | Peon |
| 1:00 | Peon |
| 1:12 | War Mill |
| 1:43 | Peon |
| 1:46 | Grunt |
| 1:50 | Peon |
| 2:08 | Orc Burrow |
| 2:15 | Peon |
| 2:30 | Feral Spirit |
| 4:25 | Voodoo Lounge |
| 4:27 | Stronghold |
| 4:28 | Grunt |
| 4:28 | Troll Headhunter |
| 4:30 | Troll Headhunter |
| 4:35 | Steel Ranged Weapons |
| 4:35 | Steel Armor |
| 5:33 | Healing Salve |
| 5:33 | Lesser Clarity Potion |
| 5:59 | Orc Burrow |
| 6:02 | Watch Tower |
| 6:25 | Chain Lighting |
| 6:53 | Healing Salve |
| 6:57 | Potion of Healing |
| 6:57 | Scroll of Speed |
| 6:57 | Potion of Mana |
| 6:57 | Scroll of Town Portal |
| 7:01 | Demolisher |
| 7:07 | Beastiary |
| 7:37 | Demolisher |
| 7:47 | Orc Burrow |
| 7:48 | Reinforced Defenses |
| 8:42 | Demolisher |
| 8:42 | Demolisher |
| 8:44 | Orc Burrow |
| 9:10 | Feral Spirit |
| 10:08 | Tauren Totem |
| 10:09 | Fortress |
| 10:12 | Raider |
| 10:12 | Raider |
| 10:12 | Ensnare |
| 10:17 | Kodo Beast |
| 10:44 | Lesser Clarity Potion |
| 10:44 | Healing Salve |
| 11:06 | Wind Rider |
| 11:11 | Raider |
| 11:11 | Raider |
| Right click | 413 |
| Select | 302 |
| Misc. action | 68 |
| Build/train/purchase | 61 |
| Use ability | 25 |
| Chat | 22 |
| Select group | 19 |
| Assign group | 7 |
| Remove unit | 7 |
| Item give/drop | 1 |
| Minimap ping | 1 |

| Peon | 11 | 825 | / | 0 |
| Grunt | 2 | 400 | / | 0 |
| Troll Headhunter | 8 | 1120 | / | 160 |
| total: | 21 | 2345g | / | 160w |
| Watch Tower | 2 | 220 | / | 160 |
| Altar of Storms | 1 | 180 | / | 50 |
| Barracks | 3 | 540 | / | 150 |
| Orc Burrow | 5 | 800 | / | 200 |
| War Mill | 2 | 410 | / | 0 |
| total: | 13 | 2150g | / | 560w |
| 0:07 | Altar of Storms |
| 0:12 | Barracks |
| 0:13 | Peon |
| 0:20 | Orc Burrow |
| 0:37 | Peon |
| 0:53 | Peon |
| 1:16 | Grunt |
| 1:36 | War Mill |
| 1:47 | Peon |
| 2:00 | Orc Burrow |
| 2:09 | Pillage |
| 2:14 | Feral Spirit |
| 2:53 | Watch Tower |
| 2:58 | Peon |
| 2:58 | Peon |
| 3:12 | Troll Headhunter |
| 3:13 | Troll Headhunter |
| 3:25 | Troll Headhunter |
| 3:43 | Troll Headhunter |
| 3:47 | Watch Tower |
| 4:09 | Orc Burrow |
| 5:09 | Troll Headhunter |
| 5:44 | Troll Headhunter |
| 5:46 | Barracks |
| 6:41 | War Mill |
| 6:59 | Orc Burrow |
| 7:01 | Orc Burrow |
| 7:03 | Barracks |
| 7:09 | Chain Lighting |
| 7:33 | Grunt |
| 7:57 | Troll Headhunter |
| 7:57 | Troll Headhunter |
| 8:11 | Peon |
| 8:12 | Peon |
| 8:12 | Peon |
| 8:49 | Peon |
| 8:49 | Peon |
| Right click | 379 |
| Select | 206 |
| Select group | 114 |
| Misc. action | 96 |
| Assign group | 34 |
| Build/train/purchase | 31 |
| Use ability | 3 |
| Esc | 2 |


| Lesser Clarity Potion | 2 | 140 |
| total: | 2 | 140g |
| Wisp | 19 | 1140 | / | 0 |
| Archer | 6 | 780 | / | 60 |
| Huntress | 4 | 780 | / | 80 |
| Glaive Thrower | 5 | 1050 | / | 325 |
| total: | 34 | 3750g | / | 465w |
| Ancient Protector | 2 | 270 | / | 160 |
| Altar of Elders | 1 | 180 | / | 50 |
| Moon Well | 6 | 1080 | / | 240 |
| Ancient of War | 3 | 450 | / | 180 |
| Ancient of Wonders | 1 | 90 | / | 30 |
| Hunter's Hall | 1 | 210 | / | 100 |
| Ancient of Lore | 1 | 155 | / | 145 |
| Tree of Ages | 1 | 320 | / | 180 |
| total: | 15 | 2435g | / | 905w |
| 0:08 | Wisp |
| 0:08 | Wisp |
| 0:10 | Altar of Elders |
| 0:24 | Moon Well |
| 0:25 | Wisp |
| 0:37 | Wisp |
| 0:52 | Ancient of War |
| 1:00 | Wisp |
| 1:11 | Wisp |
| 1:25 | Wisp |
| 1:42 | Ancient of Wonders |
| 1:45 | Wisp |
| 1:53 | Wisp |
| 1:55 | Moon Well |
| 1:56 | Archer |
| 2:07 | Archer |
| 2:19 | Shadow Strike |
| 2:36 | Wisp |
| 2:39 | Hunter's Hall |
| 3:06 | Wisp |
| 3:06 | Wisp |
| 3:09 | Archer |
| 3:32 | Archer |
| 3:34 | Wisp |
| 3:50 | Archer |
| 3:52 | Wisp |
| 3:52 | Wisp |
| 4:02 | Lesser Clarity Potion |
| 4:21 | Huntress |
| 4:27 | Archer |
| 4:28 | Wisp |
| 4:34 | Ancient Protector |
| 4:46 | Wisp |
| 4:50 | Lesser Clarity Potion |
| 5:06 | Moon Well |
| 5:41 | Ancient Protector |
| 6:00 | Moon Well |
| 6:13 | Huntress |
| 6:32 | Blink |
| 6:37 | Huntress |
| 6:39 | Tree of Ages |
| 7:08 | Glaive Thrower |
| 8:57 | Glaive Thrower |
| 9:25 | Glaive Thrower |
| 9:28 | Strength of the Moon |
| 9:32 | Moon Well |
| 9:44 | Vorpal Blades |
| 10:30 | Moon Well |
| 10:31 | Wisp |
| 10:31 | Wisp |
| 10:50 | Ancient of Lore |
| 10:56 | Searing Arrows |
| 11:24 | Ancient of War |
| 11:25 | Glaive Thrower |
| 11:50 | Glaive Thrower |
| 11:55 | Ancient of War |
| 13:04 | Huntress |
| Right click | 642 |
| Select | 256 |
| Select group | 98 |
| Build/train/purchase | 51 |
| Assign group | 23 |
| Use ability | 17 |
| Remove unit | 1 |


| Scroll of Regeneration | 1 | 100 |
| total: | 1 | 100g |
| Peasant | 16 | 1200 | / | 0 |
| Footman | 11 | 1485 | / | 0 |
| Mortar Team | 4 | 720 | / | 280 |
| Priest | 3 | 405 | / | 30 |
| Rifleman | 2 | 410 | / | 60 |
| total: | 36 | 4220g | / | 370w |
| Scout Tower | 1 | 30 | / | 20 |
| Arcane Tower | 1 | 70 | / | 50 |
| Altar of Kings | 1 | 180 | / | 50 |
| Farm | 8 | 640 | / | 160 |
| Barracks | 1 | 160 | / | 60 |
| Town Hall | 1 | 385 | / | 205 |
| Arcane Vault | 1 | 130 | / | 30 |
| Blacksmith | 1 | 140 | / | 60 |
| Lumber Mill | 1 | 120 | / | 0 |
| Workshop | 2 | 280 | / | 280 |
| Arcane Sanctum | 1 | 150 | / | 140 |
| Keep | 1 | 320 | / | 210 |
| total: | 18 | 2215g | / | 1005w |
| 0:02 | Peasant |
| 0:02 | Peasant |
| 0:05 | Altar of Kings |
| 0:10 | Farm |
| 0:18 | Barracks |
| 0:33 | Peasant |
| 0:51 | Peasant |
| 1:01 | Peasant |
| 1:20 | Farm |
| 1:23 | Footman |
| 1:33 | Footman |
| 1:57 | Farm |
| 2:00 | Footman |
| 2:02 | Peasant |
| 2:02 | Peasant |
| 2:16 | Footman |
| 2:22 | Scout Tower |
| 2:36 | Storm Bolt |
| 2:41 | Peasant |
| 2:41 | Peasant |
| 2:44 | Footman |
| 3:01 | Arcane Tower |
| 3:37 | Footman |
| 3:46 | Town Hall |
| 3:59 | Peasant |
| 4:30 | Peasant |
| 4:30 | Peasant |
| 4:33 | Footman |
| 4:46 | Footman |
| 4:51 | Arcane Vault |
| 5:09 | Keep |
| 6:08 | Bash |
| 6:19 | Footman |
| 6:22 | Defend |
| 6:42 | Blacksmith |
| 7:29 | Footman |
| 7:52 | Lumber Mill |
| 8:03 | Workshop |
| 8:06 | Workshop |
| 8:10 | Footman |
| 8:13 | Peasant |
| 8:13 | Peasant |
| 8:13 | Peasant |
| 8:19 | Farm |
| 8:25 | Farm |
| 8:45 | Black Gunpowder |
| 9:00 | Arcane Sanctum |
| 9:07 | Farm |
| 9:45 | Mortar Team |
| 10:03 | Holy Light |
| 10:13 | Improved Lumber Harvesting |
| 10:16 | Peasant |
| 10:27 | Mortar Team |
| 10:28 | Mortar Team |
| 10:30 | Priest |
| 10:54 | Priest |
| 10:59 | Scroll of Regeneration |
| 11:18 | Farm |
| 11:21 | Farm |
| 11:26 | Refined Gunpowder |
| 12:46 | Mortar Team |
| 12:56 | Priest |
| 12:58 | Rifleman |
| 13:25 | Rifleman |
| Right click | 407 |
| Select group | 300 |
| Select | 230 |
| Build/train/purchase | 52 |
| Assign group | 12 |
| Use ability | 5 |
| Misc. action | 2 |
| Remove unit | 1 |
78 units @ 5.8k
/ 0.1k
120 buildings @ 11.7k
/ 6.4k


| Healing Salve | 3 | 300 |
| Orb of Lightning | 1 | 375 |
| Boots of Speed | 1 | 250 |
| Staff of Teleportation | 1 | 150 |
| total: | 6 | 1075g |
| Peon | 11 | 825 | / | 0 |
| Troll Batrider | 3 | 480 | / | 120 |
| total: | 14 | 1305g | / | 120w |
| Watch Tower | 35 | 3850 | / | 2800 |
| Altar of Storms | 1 | 180 | / | 50 |
| Orc Burrow | 3 | 480 | / | 120 |
| War Mill | 1 | 205 | / | 0 |
| Voodoo Lounge | 2 | 260 | / | 60 |
| Great Hall | 1 | 385 | / | 185 |
| Beastiary | 4 | 580 | / | 560 |
| Stronghold | 1 | 315 | / | 190 |
| Fortress | 1 | 325 | / | 190 |
| total: | 47 | 5940g | / | 3775w |
| 0:02 | Peon |
| 0:02 | Peon |
| 0:05 | Altar of Storms |
| 0:18 | Orc Burrow |
| 0:29 | Peon |
| 0:34 | War Mill |
| 0:37 | Peon |
| 1:01 | Peon |
| 1:03 | Voodoo Lounge |
| 1:16 | Peon |
| 1:23 | Peon |
| 1:39 | Peon |
| 1:46 | Watch Tower |
| 1:59 | Orc Burrow |
| 2:02 | Peon |
| 2:05 | Healing Salve |
| 2:08 | Wind Walk |
| 2:12 | Peon |
| 2:15 | Watch Tower |
| 2:27 | Peon |
| 2:43 | Watch Tower |
| 2:56 | Watch Tower |
| 3:23 | Watch Tower |
| 3:33 | Watch Tower |
| 3:50 | Watch Tower |
| 3:51 | Stronghold |
| 3:59 | Watch Tower |
| 4:06 | Orc Burrow |
| 4:27 | Watch Tower |
| 4:41 | Watch Tower |
| 4:52 | Watch Tower |
| 4:58 | Boots of Speed |
| 5:18 | Watch Tower |
| 5:34 | Watch Tower |
| 5:51 | Staff of Teleportation |
| 5:59 | Voodoo Lounge |
| 6:02 | Watch Tower |
| 6:15 | Reinforced Defenses |
| 6:18 | Beastiary |
| 6:20 | Beastiary |
| 6:30 | Watch Tower |
| 6:39 | Watch Tower |
| 7:10 | Watch Tower |
| 7:14 | Hex |
| 7:35 | Critical Strike |
| 7:38 | Watch Tower |
| 8:01 | Beastiary |
| 8:08 | Watch Tower |
| 8:10 | Watch Tower |
| 8:19 | Healing Salve |
| 8:59 | Fortress |
| 9:33 | Watch Tower |
| 9:36 | Watch Tower |
| 9:42 | Watch Tower |
| 9:43 | Watch Tower |
| 9:47 | Troll Batrider |
| 10:15 | Watch Tower |
| 10:25 | Watch Tower |
| 10:33 | Watch Tower |
| 10:36 | Great Hall |
| 10:43 | Watch Tower |
| 10:45 | Troll Batrider |
| 11:06 | Watch Tower |
| 11:28 | Watch Tower |
| 11:35 | Watch Tower |
| 11:36 | Liquid Fire |
| 11:50 | Beastiary |
| 12:27 | Troll Batrider |
| 12:32 | Wind Walk |
| 12:45 | Watch Tower |
| 12:46 | Watch Tower |
| 12:48 | Watch Tower |
| 12:58 | Watch Tower |
| 13:23 | Healing Salve |
| 13:24 | Orb of Lightning |
| Right click | 997 |
| Select | 236 |
| Select group | 135 |
| Build/train/purchase | 47 |
| Misc. action | 23 |
| Use ability | 15 |
| Assign group | 7 |
| Esc | 4 |
| Minimap ping | 3 |
| Item give/drop | 1 |



| Scroll of Regeneration | 1 | 100 |
| Lesser Clarity Potion | 2 | 140 |
| Staff of Sanctuary | 1 | 250 |
| Staff of Teleportation | 1 | 150 |
| Boots of Speed | 1 | 250 |
| Circlet of Nobility | 1 | 175 |
| Periapt of Vitality | 1 | 325 |
| Potion of Invisibility | 1 | 100 |
| Healing Salve | 1 | 100 |
| total: | 10 | 1590g |
| Peasant | 23 | 1725 | / | 0 |
| total: | 23 | 1725g | / | 0w |
| Scout Tower | 22 | 660 | / | 440 |
| Guard Tower | 9 | 630 | / | 450 |
| Arcane Tower | 2 | 140 | / | 100 |
| Altar of Kings | 1 | 180 | / | 50 |
| Farm | 3 | 240 | / | 60 |
| Lumber Mill | 1 | 120 | / | 0 |
| Town Hall | 1 | 385 | / | 205 |
| Arcane Vault | 3 | 390 | / | 90 |
| Arcane Sanctum | 2 | 300 | / | 280 |
| Keep | 1 | 320 | / | 210 |
| Castle | 1 | 360 | / | 210 |
| total: | 33 | 2275g | / | 1125w |
| 0:02 | Peasant |
| 0:02 | Peasant |
| 0:08 | Altar of Kings |
| 0:11 | Farm |
| 0:16 | Peasant |
| 0:31 | Lumber Mill |
| 0:33 | Peasant |
| 0:40 | Peasant |
| 0:45 | Peasant |
| 0:48 | Farm |
| 1:11 | Peasant |
| 1:25 | Peasant |
| 1:31 | Peasant |
| 1:39 | Farm |
| 1:44 | Peasant |
| 1:58 | Improved Masonry |
| 1:59 | Peasant |
| 2:06 | Summon Water Elemental |
| 2:18 | Peasant |
| 2:39 | Scout Tower |
| 2:40 | Scout Tower |
| 2:41 | Scout Tower |
| 2:41 | Scout Tower |
| 2:42 | Scout Tower |
| 3:07 | Guard Tower |
| 3:09 | Guard Tower |
| 3:11 | Arcane Tower |
| 3:27 | Peasant |
| 3:27 | Peasant |
| 3:27 | Peasant |
| 3:28 | Peasant |
| 3:58 | Peasant |
| 4:49 | Keep |
| 5:13 | Scout Tower |
| 5:15 | Scout Tower |
| 5:16 | Scout Tower |
| 5:21 | Scout Tower |
| 5:46 | Guard Tower |
| 5:48 | Guard Tower |
| 6:00 | Town Hall |
| 6:04 | Scout Tower |
| 6:05 | Scout Tower |
| 6:05 | Scout Tower |
| 6:06 | Scout Tower |
| 6:10 | Guard Tower |
| 6:32 | Scroll of Regeneration |
| 6:54 | Guard Tower |
| 6:57 | Peasant |
| 6:58 | Peasant |
| 6:58 | Peasant |
| 7:32 | Brilliance Aura |
| 7:39 | Scout Tower |
| 7:39 | Scout Tower |
| 7:40 | Scout Tower |
| 7:42 | Lesser Clarity Potion |
| 8:19 | Scout Tower |
| 8:19 | Scout Tower |
| 8:22 | Castle |
| 8:24 | Improved Lumber Harvesting |
| 8:25 | Arcane Sanctum |
| 8:50 | Lesser Clarity Potion |
| 8:51 | Healing Salve |
| 9:27 | Storm Bolt |
| 9:46 | Magic Sentry |
| 9:49 | Advanced Masonry |
| 10:28 | Scout Tower |
| 10:28 | Scout Tower |
| 10:29 | Scout Tower |
| 10:29 | Scout Tower |
| 11:01 | Guard Tower |
| 11:03 | Peasant |
| 11:03 | Peasant |
| 11:03 | Peasant |
| 11:06 | Arcane Sanctum |
| 11:08 | Arcane Vault |
| 11:08 | Arcane Vault |
| 11:10 | Arcane Vault |
| 11:13 | Guard Tower |
| 11:23 | Staff of Teleportation |
| 11:23 | Boots of Speed |
| 11:24 | Circlet of Nobility |
| 11:24 | Periapt of Vitality |
| 11:25 | Potion of Invisibility |
| 11:44 | Guard Tower |
| 11:49 | Arcane Tower |
| 12:03 | Holy Light |
| 12:38 | Staff of Sanctuary |
| Right click | 745 |
| Select group | 270 |
| Select | 206 |
| Build/train/purchase | 87 |
| Misc. action | 30 |
| Use ability | 12 |
| Assign group | 8 |
| Minimap ping | 6 |
| Esc | 4 |


| Scroll of Regeneration | 4 | 400 |
| total: | 4 | 400g |
| Peasant | 23 | 1725 | / | 0 |
| total: | 23 | 1725g | / | 0w |
| Scout Tower | 26 | 780 | / | 520 |
| Arcane Tower | 1 | 70 | / | 50 |
| Guard Tower | 21 | 1470 | / | 1050 |
| Altar of Kings | 1 | 180 | / | 50 |
| Lumber Mill | 1 | 120 | / | 0 |
| Farm | 3 | 240 | / | 60 |
| Arcane Vault | 1 | 130 | / | 30 |
| Town Hall | 1 | 385 | / | 205 |
| Keep | 1 | 320 | / | 210 |
| Castle | 1 | 360 | / | 210 |
| total: | 33 | 1835g | / | 865w |
| 0:01 | Peasant |
| 0:05 | Altar of Kings |
| 0:12 | Lumber Mill |
| 0:13 | Peasant |
| 0:18 | Farm |
| 0:19 | Peasant |
| 0:45 | Peasant |
| 0:55 | Peasant |
| 1:21 | Peasant |
| 1:22 | Peasant |
| 1:28 | Farm |
| 1:30 | Farm |
| 1:36 | Peasant |
| 1:56 | Peasant |
| 2:00 | Summon Water Elemental |
| 2:38 | Scout Tower |
| 2:39 | Scout Tower |
| 2:42 | Scout Tower |
| 2:56 | Arcane Vault |
| 2:59 | Peasant |
| 2:59 | Peasant |
| 3:01 | Arcane Tower |
| 3:02 | Scout Tower |
| 3:15 | Guard Tower |
| 3:26 | Peasant |
| 3:30 | Guard Tower |
| 3:31 | Scout Tower |
| 4:03 | Guard Tower |
| 4:05 | Scout Tower |
| 4:17 | Peasant |
| 4:17 | Peasant |
| 4:21 | Scout Tower |
| 4:32 | Scout Tower |
| 4:33 | Guard Tower |
| 4:41 | Peasant |
| 5:12 | Guard Tower |
| 6:08 | Scroll of Regeneration |
| 6:12 | Scout Tower |
| 6:12 | Scout Tower |
| 6:18 | Peasant |
| 6:18 | Peasant |
| 6:25 | Brilliance Aura |
| 6:32 | Scout Tower |
| 6:32 | Scout Tower |
| 6:41 | Guard Tower |
| 7:06 | Guard Tower |
| 7:33 | Guard Tower |
| 7:48 | Peasant |
| 7:48 | Peasant |
| 7:58 | Guard Tower |
| 8:00 | Scout Tower |
| 8:28 | Guard Tower |
| 8:38 | Keep |
| 8:46 | Town Hall |
| 8:50 | Scout Tower |
| 8:50 | Scout Tower |
| 8:50 | Scout Tower |
| 9:21 | Scroll of Regeneration |
| 9:27 | Guard Tower |
| 9:33 | Scout Tower |
| 9:53 | Scroll of Regeneration |
| 10:01 | Guard Tower |
| 10:11 | Peasant |
| 10:12 | Guard Tower |
| 10:21 | Scout Tower |
| 10:21 | Scout Tower |
| 10:47 | Improved Masonry |
| 10:54 | Guard Tower |
| 11:03 | Scout Tower |
| 11:04 | Scout Tower |
| 11:05 | Scout Tower |
| 11:05 | Scout Tower |
| 11:08 | Castle |
| 11:10 | Peasant |
| 11:10 | Peasant |
| 11:18 | Guard Tower |
| 11:30 | Summon Water Elemental |
| 11:46 | Scout Tower |
| 11:48 | Scout Tower |
| 12:03 | Storm Bolt |
| 12:43 | Scroll of Regeneration |
| 12:50 | Guard Tower |
| 12:51 | Scout Tower |
| 13:16 | Peasant |
| 13:17 | Guard Tower |
| 13:19 | Advanced Masonry |
| 13:20 | Improved Lumber Harvesting |
| 13:25 | Guard Tower |
| Right click | 1073 |
| Select | 459 |
| Build/train/purchase | 96 |
| Select group | 37 |
| Assign group | 19 |
| Misc. action | 8 |
| Use ability | 4 |
| Minimap ping | 4 |



| Lesser Clarity Potion | 1 | 70 |
| Potion of Healing | 1 | 150 |
| Boots of Speed | 2 | 500 |
| Staff of Teleportation | 1 | 150 |
| Healing Salve | 4 | 400 |
| Scroll of Speed | 1 | 50 |
| total: | 10 | 1320g |
| Wisp | 18 | 1080 | / | 0 |
| total: | 18 | 1080g | / | 0w |
| Altar of Elders | 1 | 180 | / | 50 |
| Moon Well | 3 | 540 | / | 120 |
| Hunter's Hall | 1 | 210 | / | 100 |
| Tree of Life | 2 | 680 | / | 370 |
| Tree of Ages | 2 | 640 | / | 360 |
| Tree of Eternity | 1 | 330 | / | 200 |
| total: | 7 | 1610g | / | 640w |
| 0:01 | Wisp |
| 0:03 | Altar of Elders |
| 0:08 | Wisp |
| 0:17 | Moon Well |
| 0:21 | Wisp |
| 0:29 | Wisp |
| 0:44 | Wisp |
| 1:09 | Wisp |
| 1:18 | Moon Well |
| 1:25 | Wisp |
| 1:36 | Wisp |
| 1:55 | Wisp |
| 2:06 | Entangling Roots |
| 2:08 | Wisp |
| 2:34 | Wisp |
| 3:24 | Wisp |
| 4:20 | Tree of Ages |
| 5:01 | Boots of Speed |
| 5:01 | Staff of Teleportation |
| 6:01 | Healing Salve |
| 6:01 | Scroll of Speed |
| 6:04 | Healing Salve |
| 6:04 | Lesser Clarity Potion |
| 7:06 | Tree of Eternity |
| 7:53 | Potion of Healing |
| 8:07 | Searing Arrows |
| 8:18 | Hunter's Hall |
| 9:26 | Well Spring |
| 9:37 | Wisp |
| 9:37 | Wisp |
| 9:38 | Wisp |
| 10:05 | Tree of Life |
| 10:21 | Boots of Speed |
| 10:45 | Wisp |
| 11:07 | Thorns Aura |
| 11:38 | Moon Well |
| 11:49 | Healing Salve |
| 11:52 | Healing Salve |
| 12:46 | Wisp |
| 12:46 | Wisp |
| 12:59 | Tree of Life |
| 13:29 | Frost Arrows |
| Right click | 960 |
| Assign group | 564 |
| Select group | 290 |
| Select | 129 |
| Resource trade | 102 |
| Build/train/purchase | 53 |
| Use ability | 41 |
| Item give/drop | 1 |
⇛